 Dungeon Crawl Stone Soup version 0.21-a0-529-g8c7b3f5 (webtiles) character file.

135 KristoblXynda the Slasher (level 5, -4/30 HPs)
             Began as a Tengu Skald on Dec 9, 2017.
             Killed by divine providence
             ... invoked by an orc priest
              (8 damage)
             ... on level 3 of the Dungeon.
             The game lasted 00:04:10 (2264 turns).

KristoblXynda the Slasher (Tengu Skald)             Turns: 2264, Time: 00:04:12

Health: -4/30      AC:  3    Str: 11    XL:     5   Next: 18%
Magic:  6/9        EV: 13    Int: 19    God:
Gold:   187        SH:  0    Dex: 14    Spells: 4/8 levels left

rFire    . . .     SeeInvis .   a - +0 falchion
rCold    . . .     Gourm    .   (no shield)
rNeg     . . .     Faith    .   n - +0 leather armour {rPois}
rPois    +         Spirit   .   (helmet restricted)
rElec    .         Reflect  .   (no cloak)
rCorr    .         Harm     .   (no gloves)
MR       +....                  (boots unavailable)
Stlth    +.........             (no amulet)
HPRegen  1.10/turn              (no ring)
MPRegen  0.11/turn              l - ring of protection from magic

@: brilliant, regenerating
A: beak, talons 3, able to fly 1
a: Fly


You were on level 3 of the Dungeon.
You were hungry.

You visited 1 branch of the dungeon, and saw 3 of its levels.

You collected 187 gold pieces.

Inventory:

Hand Weapons
 a - a +0 falchion (weapon)
Armour
 n - a +0 leather armour of poison resistance (worn)
Jewellery
 l - a ring of protection from magic (right hand)
Wands
 r - a wand of scattershot (8)
Scrolls
 j - a scroll of teleportation
Potions
 b - a potion of brilliance
 h - 2 potions of might
 m - a potion of mutation
 q - a potion of flight
Books
 c - a book of Battle

   Spells                             Type                      Level
   a - Infusion                       Charms                       1
   b - Shroud of Golubria             Charms/Translocation         2
   c - Song of Slaying                Charms                       2
   d - Spectral Weapon                Hexes/Charms                 3
   e - Regeneration                   Charms/Necromancy            3
Comestibles
 d - a bread ration
 g - 3 royal jellies
 k - a meat ration


   Skills:
 - Level 2.0 Fighting
 + Level 3.3 Long Blades
 + Level 2.7 Armour
 - Level 3.0 Dodging
 - Level 2.0 Spellcasting
 + Level 3.1 Charms
 + Level 1.3 Necromancy


You had 4 spell levels left.
You knew the following spells:

 Your Spells              Type           Power        Failure   Level  Hunger
a - Infusion              Chrm           ####         1%          1    #......
b - Regeneration          Chrm/Necr      ###.......   3%          3    ###....


Dungeon Overview and Level Annotations

Branches:
Dungeon (3/15)

Altars:
The Shining One


Innate Abilities, Weirdness & Mutations

You have a beak for a mouth.
You have claws for feet.
You can fly.


Message History

Okay, then.
Casting: Regeneration
Confirm with . or Enter, or press ? or * to list all spells.
Your skin crawls.
The hound closely misses you.
You riposte.
You hit the hound but do no damage. You claw the hound, but do no damage.
Your peck misses the hound.
The hound is almost dead.
The hound bites you but does no damage.
You feel clever all of a sudden. The hound bites you.
* * * LOW HITPOINT WARNING * * *
Unknown command.
You miss the hound.
The hound is severely wounded.
The hound barely misses you.
You riposte.
You barely miss the hound. Your kick misses the hound.
Your peck misses the hound.
The hound is severely wounded.
The orc priest calls down the wrath of Beogh upon you.
Beogh smites you!
You die...

#.......o# o...##
##.<.#.#.# ... .
.......#.###### #... .#
..............# ..#. #..
.....##.......####..#.
... .....
#.......[.##.##.##.. ###.
#.###..)#....# .>...
#.####.......###....
#oh@###.#.....##....
.......#.# #.#..#........
.......#.# #.#.#..###....
.......#.. #..........>..
.......##................
###.#####.........##.....
#. #.........##..... #
.....<....#####..
..........# ###


You could see a hound and an orc priest.

Vanquished Creatures
  Jessica (D:2)
  A worker ant (D:3)
  3 adders
  An ooze (D:1)
  3 worms
  A dart slug (D:2)
  2 orcs (D:3)
  A ball python (D:3)
  3 bats
  3 giant cockroaches
  3 goblins
  7 hobgoblins
  4 frilled lizards
  5 kobolds (D:1)
  9 rats
47 creatures vanquished.

Notes
Turn   | Place    | Note
-------+----------+-------------------------------------------
     0 | D:1      | KristoblXynda the Tengu Skald began the quest for the Orb.
     0 | D:1      | Reached XP level 1. HP: 12/12 MP: 4/4
   155 | D:1      | Reached XP level 2. HP: 8/17 MP: 6/6
   848 | D:2      | Reached XP level 3. HP: 20/21 MP: 7/7
  1232 | D:2      | Learned a level 3 spell: Regeneration
  1448 | D:2      | Reached XP level 4. HP: 24/26 MP: 8/8
  1473 | D:2      | Noticed Jessica
  1489 | D:2      | Killed Jessica
  1919 | D:3      | Found a glowing golden altar of the Shining One.
  1976 | D:3      | Reached skill level 1 in Necromancy
  1976 | D:3      | Gained mutation: You can fly. [Tengu growth]
  1976 | D:3      | Reached XP level 5. HP: 17/30 MP: 5/9
  2264 | D:3      | Killed from afar by an orc priest

Vault maps used:
D:1:      dpeg_arrival_round_c
D:2:      uniq_jessica
D:3:      nicolae_tso_swordbearing_angel

Skill      XL: |  1  2  3  4 |
---------------+-------------+-----
Armour         | 2 |  2.7
Dodging        | 3 |  3.0
Long Blades    | 3 |  3.3
Charms         | 3 |  3.1
Necromancy     | 1 |  1.3
Fighting       | |  2.0
Spellcasting   | |  2.0

Action                   |  1- 3 |  4- 6 || total
-------------------------+-------+-------++-------
Melee: Falchion          |    76 |    50 ||   126
       Peck              |    13 |    11 ||    24
       Kick              |    15 |    15 ||    30
 Cast: Regeneration      |       |     2 ||     2
  Use: Potion            |     1 |     2 ||     3
       Scroll            |       |     8 ||     8
 Stab: Sleeping          |     1 |       ||     1
  Eat: Chunk             |     1 |     3 ||     4
Armor: Leather armour    |    21 |     5 ||    26
       Ring mail         |     3 |       ||     3
Dodge: Dodged            |    64 |    39 ||   103
       Rpst.: Falchion   |    15 |    13 ||    28

Table legend:
 A = Spawn XP
 B = Non-spawn XP
 C = Spawn XP percentage of total XP
 D = Spawn monster count
 E = Non-spawn monster count
 F = Spawn count percentage of total count
 G = Total turns spent on level
                    A         B        C        D         E        F      G
               +---------+---------+-------+---------+---------+-------+---------
         Total |       0 |     194 |   0.0 |       0 |      47 |   0.0 |  2264
               +---------+---------+-------+---------+---------+-------+---------
           D:1 |       0 |      33 |   0.0 |       0 |      18 |   0.0 |   824
           D:2 |       0 |      96 |   0.0 |       0 |      19 |   0.0 |   978
           D:3 |       0 |      65 |   0.0 |       0 |      10 |   0.0 |   462
               +---------+---------+-------+---------+---------+-------+---------
